[ AOE2 MATCH · #495822530 ]
UnrankedLithuanians vs Georgians
Rival team · LOSS
[ REPLAY ANALYSIS · EXTRACTED FROM THE RECORDED GAME ]
Feudal
9:00
Castle
17:40
Imperial
—
| APM avg | 56.4 |
| APM peak | 115 |
| eAPM avg | 18.0 |
| Villagers / military | 80 / 64 |
Focus
⚔️ 26.2% · 🌾 73.8%
Cavalry Archer ×41 · Mangonel ×10 · Monk ×7 · Skirmisher ×4 · Spearman ×2
Feudal
9:30
Castle
20:38
Imperial
—
| APM avg | 38.0 |
| APM peak | 87 |
| eAPM avg | 16.3 |
| Villagers / military | 66 / 72 |
Focus
⚔️ 45.2% · 🌾 54.8%
Skirmisher ×48 · Knight ×12 · Spearman ×5 · Mangonel ×3 · Scout Cavalry ×3 · Monk ×1
Match map
Initial resources + every placement click. Lines = walls · curves = elevation contours. ◆ gold · ⬟ stone · ● berries · ✦ relic · ◌ wall gap
Your base· Open — 9t gap
slikwilly88's base· Open — 6t gap
Smoothed initial terrain · ◌ = detected wall gap · hover for details
Inputs per minute
— Migate - - slikwilly88
Build order — Migate
First 150 of 184 actions detected
| 0:01 | Queue | Villager (Male) |
| 0:01 | Queue | Villager (Male) |
| 0:01 | Queue | Villager (Male) |
| 0:02 | Build | House |
| 0:04 | Build | House |
| 0:31 | Queue | Villager (Male) |
| 0:32 | Queue | Villager (Male) |
| 0:32 | Queue | Villager (Male) |
| 1:32 | Queue | Villager (Male) |
| 1:32 | Queue | Villager (Male) |
| 1:47 | Build | House |
| 1:54 | Queue | Villager (Male) |
| 1:54 | Queue | Villager (Male) |
| 2:11 | Build | Lumber Camp |
| 2:32 | Queue | Villager (Male) |
| 2:32 | Queue | Villager (Male) |
| 2:52 | Queue | Villager (Male) |
| 3:16 | Queue | Villager (Male) |
| 3:16 | Queue | Villager (Male) |
| 4:50 | Build | Mill |
| 4:52 | Queue | Villager (Male) |
| 4:52 | Queue | Villager (Male) |
| 5:53 | Queue | Villager (Male) |
| 5:53 | Queue | Villager (Male) |
| 5:55 | Research | Loom |
| 6:50 | Research | Feudal Age |
| 7:02 | Build | House |
| 7:03 | Build | Palisade Wall |
| 7:04 | Build | Palisade Wall |
| 8:24 | Queue | Villager (Male) |
| 8:24 | Queue | Villager (Male) |
| 8:36 | Build | House |
| 8:38 | Build | House |
| 8:47 | Build | House |
| 8:57 | Queue | Villager (Male) |
| 9:00 | Age | Feudal Age |
| 9:22 | Build | Barracks |
| 9:42 | Research | Double-Bit Axe |
| 10:11 | Queue | Villager (Male) |
| 10:12 | Queue | Villager (Male) |
| 10:41 | Research | Horse Collar |
| 10:51 | Build | Farm |
| 10:52 | Build | Farm |
| 10:54 | Queue | Villager (Male) |
| 11:18 | Queue | Spearman |
| 11:36 | Queue | Villager (Male) |
| 11:36 | Queue | Villager (Male) |
| 11:43 | Build | Farm |
| 11:43 | Build | Farm |
| 11:43 | Build | Farm |
| 11:51 | Build | Farm |
| 11:52 | Build | Farm |
| 12:14 | Queue | Villager (Male) |
| 12:14 | Queue | Villager (Male) |
| 12:17 | Build | Mining Camp |
| 13:01 | Build | Blacksmith |
| 13:20 | Queue | Villager (Male) |
| 13:20 | Queue | Villager (Male) |
| 13:56 | Build | Archery Range |
| 14:04 | Queue | Villager (Male) |
| 14:30 | Queue | Villager (Male) |
| 14:59 | Research | Castle Age |
| 15:16 | Build | Archery Range |
| 15:32 | Research | Fletching |
| 15:32 | Research | Padded Archer Armor |
| 15:51 | Queue | Spearman |
| 16:12 | Queue | Villager (Male) |
| 16:42 | Queue | Villager (Male) |
| 17:00 | Research | Gold Mining |
| 17:13 | Build | Farm |
| 17:14 | Build | Farm |
| 17:40 | Age | Castle Age |
| 17:41 | Queue | Cavalry Archer ×5 |
| 18:07 | Queue | Villager (Male) |
| 18:09 | Build | Stable |
| 18:17 | Research | Bodkin Arrow |
| 18:33 | Build | House |
| 18:39 | Build | University |
| 18:41 | Queue | Villager (Male) |
| 19:06 | Queue | Villager (Male) |
| 19:08 | Queue | Cavalry Archer |
| 19:08 | Queue | Cavalry Archer |
| 19:38 | Queue | Cavalry Archer |
| 19:38 | Queue | Cavalry Archer |
| 19:48 | Queue | Villager (Male) |
| 19:51 | Build | House |
| 19:55 | Build | Siege Workshop |
| 20:05 | Research | Ballistics |
| 20:40 | Queue | Villager (Male) |
| 20:40 | Queue | Villager (Male) |
| 20:50 | Queue | Villager (Male) |
| 20:55 | Queue | Cavalry Archer ×4 |
| 21:09 | Build | Siege Workshop |
| 21:13 | Build | House |
| 21:15 | Build | House |
| 21:15 | Build | House |
| 21:15 | Build | House |
| 21:20 | Research | Thumb Ring |
| 21:45 | Queue | Villager (Male) |
| 21:49 | Build | Monastery |
| 21:53 | Queue | Cavalry Archer ×2 |
| 22:01 | Build | House |
| 22:02 | Build | House |
| 22:03 | Build | House |
| 22:07 | Build | House |
| 22:09 | Queue | Villager (Male) |
| 22:30 | Queue | Mangonel |
| 22:30 | Queue | Mangonel |
| 22:35 | Queue | Skirmisher ×4 |
| 22:41 | Queue | Villager (Male) |
| 23:05 | Build | Market |
| 23:10 | Queue | Monk |
| 23:17 | Queue | Cavalry Archer |
| 23:17 | Queue | Cavalry Archer |
| 23:22 | Queue | Villager (Male) |
| 23:22 | Queue | Villager (Male) |
| 23:30 | Build | Lumber Camp |
| 23:36 | Build | House |
| 23:36 | Build | House |
| 23:46 | Queue | Villager (Male) |
| 24:26 | Queue | Mangonel |
| 24:27 | Queue | Mangonel |
| 24:27 | Queue | Villager (Male) |
| 24:27 | Queue | Villager (Male) |
| 24:47 | Queue | Villager (Male) |
| 25:14 | Queue | Cavalry Archer ×4 |
| 25:14 | Queue | Villager (Male) |
| 25:28 | Queue | Villager (Male) |
| 25:59 | Queue | Villager (Male) |
| 25:59 | Queue | Villager (Male) |
| 26:13 | Queue | Villager (Male) |
| 26:14 | Queue | Villager (Male) |
| 26:16 | Queue | Mangonel |
| 26:17 | Queue | Mangonel |
| 26:25 | Queue | Monk |
| 26:25 | Queue | Monk |
| 26:28 | Build | House |
| 26:28 | Build | House |
| 26:29 | Build | House |
| 26:29 | Queue | Villager (Male) |
| 26:29 | Queue | Villager (Male) |
| 26:37 | Build | House |
| 26:57 | Queue | Cavalry Archer ×3 |
| 26:57 | Queue | Villager (Male) |
| 26:57 | Queue | Villager (Male) |
| 27:37 | Queue | Mangonel |
| 27:45 | Queue | Villager (Male) |
| 27:46 | Queue | Villager (Male) |
| 28:12 | Build | House |
| 28:14 | Queue | Villager (Male) |
Build order — slikwilly88
First 150 of 229 actions detected
| 0:01 | Queue | Villager (Male) |
| 0:02 | Queue | Villager (Male) |
| 0:02 | Queue | Villager (Male) |
| 0:03 | Build | House |
| 0:05 | Build | House |
| 0:33 | Queue | Villager (Male) |
| 1:40 | Queue | Villager (Male) |
| 1:55 | Queue | Villager (Male) |
| 2:33 | Queue | Villager (Male) |
| 3:01 | Queue | Villager (Male) |
| 3:04 | Build | House |
| 3:17 | Queue | Villager (Male) |
| 3:54 | Queue | Villager (Male) |
| 3:54 | Queue | Villager (Male) |
| 3:54 | Queue | Villager (Male) |
| 4:21 | Queue | Villager (Male) |
| 5:06 | Queue | Villager (Male) |
| 5:06 | Queue | Villager (Male) |
| 5:17 | Build | House |
| 5:19 | Build | Palisade Wall |
| 5:50 | Build | Mill |
| 6:05 | Queue | Villager (Male) |
| 6:07 | Queue | Villager (Male) |
| 6:07 | Research | Loom |
| 6:59 | Queue | Villager (Male) |
| 7:20 | Research | Feudal Age |
| 7:37 | Build | Barracks |
| 7:42 | Build | Palisade Wall |
| 7:57 | Queue | Villager (Male) |
| 8:10 | Queue | Villager (Male) |
| 9:27 | Build | Palisade Wall |
| 9:30 | Age | Feudal Age |
| 9:32 | Build | Palisade Wall |
| 9:36 | Queue | Spearman |
| 9:42 | Build | Stable |
| 9:45 | Research | Double-Bit Axe |
| 9:51 | Build | Mule Cart |
| 9:52 | Queue | Spearman |
| 10:11 | Build | House |
| 10:17 | Queue | Spearman |
| 10:31 | Queue | Villager (Male) |
| 10:31 | Queue | Villager (Male) |
| 10:32 | Queue | Villager (Male) |
| 10:48 | Research | Horse Collar |
| 10:56 | Build | Palisade Wall |
| 10:58 | Build | Palisade Wall |
| 11:02 | Research | Town Watch |
| 11:08 | Queue | Villager (Male) |
| 11:26 | Queue | Villager (Male) |
| 11:29 | Build | Palisade Gate |
| 11:38 | Queue | Villager (Male) |
| 11:42 | Build | Farm |
| 11:43 | Build | Farm |
| 11:44 | Build | Farm |
| 11:45 | Build | Farm |
| 11:47 | Build | Farm |
| 11:51 | Queue | Villager (Male) |
| 11:59 | Build | Palisade Wall |
| 12:07 | Build | Palisade Gate |
| 12:13 | Build | Palisade Wall |
| 12:20 | Build | Farm |
| 12:25 | Build | House |
| 12:29 | Build | Farm |
| 12:34 | Queue | Villager (Male) |
| 12:43 | Build | Farm |
| 12:56 | Build | Farm |
| 13:00 | Build | Farm |
| 13:02 | Queue | Villager (Male) |
| 13:18 | Queue | Villager (Male) |
| 13:21 | Build | Palisade Wall |
| 13:23 | Build | Palisade Wall |
| 13:25 | Build | Palisade Wall |
| 13:32 | Queue | Scout Cavalry |
| 13:46 | Build | Palisade Wall |
| 13:55 | Queue | Villager (Male) |
| 13:57 | Build | Farm |
| 14:00 | Build | Farm |
| 14:04 | Build | Farm |
| 14:18 | Build | Farm |
| 14:21 | Queue | Villager (Male) |
| 14:27 | Build | Mule Cart |
| 14:37 | Queue | Scout Cavalry |
| 14:42 | Build | Farm |
| 14:45 | Build | Farm |
| 14:55 | Research | Wheelbarrow |
| 15:19 | Build | House |
| 15:21 | Queue | Spearman |
| 15:39 | Queue | Villager (Male) |
| 16:11 | Queue | Villager (Male) |
| 16:12 | Queue | Scout Cavalry |
| 16:21 | Build | Archery Range |
| 16:27 | Queue | Villager (Male) |
| 16:51 | Build | Mule Cart |
| 16:59 | Build | Palisade Wall |
| 17:06 | Queue | Villager (Male) |
| 17:15 | Queue | Skirmisher |
| 17:34 | Build | House |
| 17:58 | Research | Castle Age |
| 18:01 | Queue | Skirmisher |
| 18:13 | Build | Watch Tower |
| 18:22 | Build | Palisade Wall |
| 18:25 | Build | Palisade Wall |
| 18:27 | Queue | Skirmisher |
| 18:48 | Queue | Skirmisher |
| 18:48 | Queue | Skirmisher |
| 19:26 | Queue | Villager (Male) |
| 19:41 | Build | Farm |
| 19:56 | Build | Palisade Wall |
| 20:08 | Queue | Skirmisher |
| 20:11 | Build | House |
| 20:13 | Build | House |
| 20:24 | Build | Archery Range |
| 20:36 | Build | Blacksmith |
| 20:38 | Age | Castle Age |
| 20:53 | Queue | Villager (Male) |
| 21:03 | Build | Farm |
| 21:04 | Queue | Villager (Male) |
| 21:09 | Queue | Skirmisher |
| 21:11 | Queue | Villager (Male) |
| 21:28 | Research | Elite Skirmisher (upgrade) |
| 21:31 | Research | Padded Archer Armor |
| 21:32 | Queue | Villager (Male) |
| 21:39 | Queue | Skirmisher |
| 21:59 | Queue | Skirmisher |
| 22:02 | Research | Fletching |
| 22:20 | Queue | Villager (Male) |
| 22:21 | Queue | Skirmisher |
| 22:32 | Research | Leather Archer Armor |
| 22:33 | Queue | Villager (Male) |
| 22:48 | Queue | Skirmisher |
| 22:50 | Queue | Skirmisher |
| 22:54 | Build | House |
| 22:55 | Build | House |
| 23:17 | Build | House |
| 23:25 | Research | Bodkin Arrow |
| 23:27 | Queue | Villager (Male) |
| 23:28 | Queue | Skirmisher |
| 23:28 | Queue | Skirmisher |
| 23:33 | Build | House |
| 23:34 | Build | House |
| 23:34 | Build | House |
| 23:34 | Build | House |
| 23:35 | Build | House |
| 23:43 | Build | House |
| 23:44 | Build | House |
| 23:49 | Queue | Villager (Male) |
| 23:55 | Queue | Villager (Male) |
| 24:03 | Queue | Knight |
| 24:03 | Queue | Knight |
| 24:24 | Queue | Villager (Male) |
Match timeline
| 5:19 | slikwilly88 · wall_segment Palisade Wall x2 |
| 7:03 | Migate · wall_segment Palisade Wall x2 |
| 7:04 | Migate · wall_segment Palisade Wall x5 |
| 7:37 | slikwilly88 · first_building Barracks |
| 7:42 | slikwilly88 · wall_segment Palisade Wall x4 |
| 9:00 | Migate · age_up feudal |
| 9:22 | Migate · first_building Barracks |
| 9:27 | slikwilly88 · wall_segment Palisade Wall x1 |
| 9:30 | slikwilly88 · age_up feudal |
| 9:32 | slikwilly88 · wall_segment Palisade Wall x3 |
| 9:42 | slikwilly88 · first_building Stable |
| 10:56 | slikwilly88 · wall_segment Palisade Wall x4 |
| 10:58 | slikwilly88 · wall_segment Palisade Wall x3 |
| 11:59 | slikwilly88 · wall_segment Palisade Wall x8 |
| 12:13 | slikwilly88 · wall_segment Palisade Wall x7 |
| 13:21 | slikwilly88 · wall_segment Palisade Wall x1 |
| 13:23 | slikwilly88 · wall_segment Palisade Wall x1 |
| 13:25 | slikwilly88 · wall_segment Palisade Wall x1 |
| 13:46 | slikwilly88 · wall_segment Palisade Wall x1 |
| 13:56 | Migate · first_building Archery Range |
| 16:21 | slikwilly88 · first_building Archery Range |
| 16:59 | slikwilly88 · wall_segment Palisade Wall x7 |
| 17:40 | Migate · age_up castle |
| 18:09 | Migate · first_building Stable |
| 18:22 | slikwilly88 · wall_segment Palisade Wall x9 |
| 18:25 | slikwilly88 · wall_segment Palisade Wall x4 |
| 19:55 | Migate · first_building Siege Workshop |
| 19:56 | slikwilly88 · wall_segment Palisade Wall x1 |
| 20:38 | slikwilly88 · age_up castle |
| 21:49 | Migate · first_building Monastery |
| 25:40 | slikwilly88 · first_building Siege Workshop |
| 26:58 | slikwilly88 · first_building Monastery |
| 32:08 | Migate · first_market_sell 100 wood |
| 32:28 | slikwilly88 · first_market_sell 100 wood |
| 33:03 | Migate · first_building Castle |
| 33:41 | slikwilly88 · resign |
[ AI ANALYSIS · 1 CREDIT ]
What really happened in this match?
Wolo.gg analyzes every decision: build order, eco, micro, common mistakes by bracket. Personalized analysis on WhatsApp or Discord in 30 seconds.
Civ guide
Lithuanians
Perfil
Jugador #1372868